[Event "Titled Tuesday Blitz October 11 Early 2022"]
[White "Kamsky, Gata"]
[Black "Csonka, Balazs"]
[WhiteFideId "2000024"]
[BlackFideId "742910"]
[WhiteElo "2666"]
[BlackElo "2404"]
[Result "1/2-1/2"]
[Round "06"]
[TimeControl "180+1"]
[Date "2022.10.11"]
[WhiteClock "0:00:19"]
[BlackClock "0:00:05"]

1. e4 c5 2. Nc3 Nc6 3. Bc4 Nf6 4. d3 e6 5. Nf3 d5 6. Bb5 Bd7 7. exd5 Nxd5 8. Nxd5 exd5 9. O-O Be7 10. Re1 O-O 11. Bxc6 Bxc6 12. Ne5 Rc8 13. Qg4 Bf6 14. Bf4 d4 15. Nxc6 Rxc6 16. b3 Re8 17. a4 g6 18. Qf3 Qd7 19. h3 h5 20. Kf1 Rce6 21. Rxe6 Rxe6 22. g4 hxg4 23. hxg4 Be5 24. Bg5 Bg7 25. Re1 Rxe1+ 26. Kxe1 f5 27. gxf5 Qxf5 28. Qg2 a6 29. Kf1 b5 30. a5 c4 31. Qg3 cxb3 32. cxb3 Qd5 33. b4 Bf8 34. Bd2 Qh1+ 35. Ke2 Qh5+ 36. f3 Qf5 37. Qb8 Qe6+ 38. Kf2 Kf7 39. Qb7+ Kg8 40. Qb8 Qa2 41. Ke2 Qe6+ 42. Kf2 1/2-1/2


[Site "https://www.chess.com"]

[Event "Titled Tuesday Blitz October 11 Early 2022"]
[White "Karavade, Eesha"]
[Black "Averjanov, Alexey"]
[WhiteFideId "5012600"]
[BlackFideId "14109867"]
[WhiteElo "2258"]
[BlackElo "2670"]
[Result "0-1"]
[Round "06"]
[TimeControl "180+1"]
[Date "2022.10.12"]
[WhiteClock "0:00:56"]
[BlackClock "0:02:18"]

1. Nf3 c5 2. c4 Nc6 3. g3 g6 4. Bg2 Bg7 5. O-O e6 6. Nc3 Nge7 7. e3 O-O 8. d4 cxd4 9. Nxd4 Nxd4 10. exd4 d5 11. cxd5 Nxd5 12. Nxd5 exd5 13. Be3 Be6 14. Qb3 Qd7 15. Rac1 Rfc8 16. Rfe1 h5 17. h4 b6 18. a3 Rc4 19. Rxc4 dxc4 20. Qb4 Bd5 21. Bxd5 Qxd5 22. Qe7 b5 23. Rd1 a5 24. Bf4 Rd8 25. Bg5 Rd7 26. Qe8+ Kh7 27. Qe1 Bxd4 28. Bf6 Bxf2+ 29. Kxf2 Qxd1 30. Qxd1 Rxd1 31. Bc3 Rb1 32. Kf3 b4 33. axb4 axb4 34. Bxb4 Rxb2 35. Be1 c3 36. Ke3 c2 37. Kd2 Rb1 0-1


[Site "https://www.chess.com"]

[Event "Titled Tuesday Blitz October 11 Early 2022"]
[White "Kiseljova, Marya"]
[Black "Grot, Blazej"]
[WhiteFideId "4155009"]
[BlackFideId "21835845"]
[WhiteElo "1931"]
[BlackElo "1739"]
[Result "1-0"]
[Round "06"]
[TimeControl "180+1"]
[Date "2022.10.12"]
[WhiteClock "0:01:46"]
[BlackClock "0:02:13"]

1. d4 Nf6 2. c4 e6 3. g3 d5 4. Nf3 Be7 5. Bg2 O-O 6. O-O c6 7. Nc3 b6 8. Qd3 Bb7 9. e4 Na6 10. a3 c5 11. cxd5 exd5 12. exd5 Nxd5 13. Rd1 Nxc3 14. Qxc3 cxd4 15. Rxd4 Qe8 16. Rg4 g6 17. Bh6 Rc8 18. Qg7# 1-0


[Site "https://www.chess.com"]

[Event "Titled Tuesday Blitz October 11 Early 2022"]
[White "Kodinets, Konstantin L."]
[Black "Mihailidis, Anastasios"]
[WhiteFideId "4122011"]
[BlackFideId "4205588"]
[WhiteElo "2447"]
[BlackElo "2312"]
[Result "1-0"]
[Round "06"]
[TimeControl "180+1"]
[Date "2022.10.12"]
[WhiteClock "0:00:41"]
[BlackClock "0:00:08"]

1. d4 d5 2. Nf3 Nf6 3. Bf4 e6 4. Nbd2 Bd6 5. e3 O-O 6. Bd3 c5 7. c3 Nc6 8. Bg3 b6 9. Ne5 Bb7 10. f4 Ne7 11. Qf3 Nf5 12. O-O g6 13. Rad1 Nxg3 14. hxg3 Kg7 15. g4 a6 16. g5 Nd7 17. Nxd7 Qxd7 18. Qh3 Rh8 19. Qh6+ Kg8 20. Nf3 Bf8 21. Qh4 Bg7 22. Ne5 Qe7 23. Ng4 h5 24. Nf6+ Bxf6 25. gxf6 Qf8 26. Rf3 cxd4 27. exd4 Qh6 28. Rg3 Kf8 29. Re1 Rg8 30. Rg5 b5 31. Qf2 h4 32. Kh2 Rh8 33. Qe3 Ke8 34. Bxg6 Kf8 35. Bxf7 Qxf6 36. Bxe6 Re8 37. Qe5 Rxe6 38. Qb8+ Kf7 39. Qxb7+ Kf8 40. Qb8+ Kf7 41. Rxe6 Qxf4+ 42. Qxf4+ Kxe6 43. Rg6+ 1-0


[Site "https://www.chess.com"]

[Event "Titled Tuesday Blitz October 11 Early 2022"]
[White "Korchmar, Vasiliy"]
[Black "Fernandez Siles, Luis"]
[WhiteFideId "24131750"]
[BlackFideId "2209420"]
[WhiteElo "2370"]
[BlackElo "2186"]
[Result "1-0"]
[Round "06"]
[TimeControl "180+1"]
[Date "2022.10.12"]
[WhiteClock "0:01:40"]
[BlackClock "0:00:43"]

1. e4 c5 2. Nf3 Nc6 3. d4 cxd4 4. Nxd4 Nf6 5. Nc3 e5 6. Ndb5 d6 7. Nd5 Nxd5 8. exd5 Nb8 9. a4 Be7 10. Be2 O-O 11. O-O f5 12. f4 a6 13. Na3 Nd7 14. Be3 Bf6 15. Nc4 exf4 16. Bxf4 Ne5 17. a5 Nxc4 18. Bxc4 Bxb2 19. Rb1 Bf6 20. Rb6 Qc7 21. Bb3 Qc5+ 22. Kh1 Rd8 23. Re1 Qxa5 24. Rxd6 Bd7 25. Rxf6 gxf6 26. Re7 Re8 27. d6+ Kh8 28. Rxh7+ Kxh7 29. Qh5+ Kg7 30. Qh6# 1-0


[Site "https://www.chess.com"]

[Event "Titled Tuesday Blitz October 11 Early 2022"]
[White "Koziorowicz, Michal"]
[Black "Demin, Vladimir"]
[WhiteFideId "21809194"]
[BlackFideId "4167457"]
[WhiteElo "2220"]
[BlackElo "2569"]
[Result "1-0"]
[Round "06"]
[TimeControl "180+1"]
[Date "2022.10.12"]
[WhiteClock "0:00:13"]
[BlackClock "0:00:01"]

1. Nc3 Nf6 2. e4 d5 3. f3 e5 4. Bd3 Bc5 5. Nge2 Nc6 6. exd5 Nxd5 7. b3 O-O 8. Bb2 Ndb4 9. Bc4 Qh4+ 10. Ng3 Nd4 11. Rc1 Bf5 12. Ne4 Bxe4 13. fxe4 Nxa2 14. c3 Ne6 15. Ra1 Nf4 16. Qf3 g5 17. Rxa2 g4 18. Qf1 Rad8 19. d4 Bd6 20. Bc1 Kh8 21. Rf2 f5 22. Nxf5 Qf6 23. g3 Nh3 24. Bh6 Rg8 25. Nxd6 Qxd6 26. Rf6 Qa3 27. Qe2 Qa1+ 28. Kd2 Rxd4+ 29. cxd4 Qxd4+ 30. Kc2 b5 31. Bxg8 1-0


[Site "https://www.chess.com"]

[Event "Titled Tuesday Blitz October 11 Early 2022"]
[White "Krysa, Leandro"]
[Black "Durarbayli, Vasif"]
[WhiteFideId "116807"]
[BlackFideId "13402935"]
[WhiteElo "2486"]
[BlackElo "2586"]
[Result "1-0"]
[Round "06"]
[TimeControl "180+1"]
[Date "2022.10.11"]
[WhiteClock "0:00:04"]
[BlackClock "0:00:01"]

1. b4 Nf6 2. Bb2 g6 3. e3 Bg7 4. Nf3 O-O 5. c4 b6 6. Be2 Bb7 7. O-O c5 8. bxc5 bxc5 9. Nc3 d6 10. Rb1 Nbd7 11. d3 Bc6 12. Ba1 Qa5 13. Nd2 Rfb8 14. Qc2 Rb6 15. Nb3 Qa3 16. Bb2 Qa6 17. d4 Rab8 18. Ba1 Qc8 19. Bd3 cxd4 20. exd4 Ba8 21. Be2 e5 22. d5 Rb4 23. h3 h5 24. Rfc1 Qd8 25. Nb5 R4xb5 26. cxb5 Nxd5 27. Bf3 N7b6 28. Na5 Qg5 29. Nc6 Re8 30. Rd1 Nf4 31. Rxd6 Nxh3+ 32. Kf1 Nf4 33. Rbd1 h4 34. Rd8 Rxd8 35. Rxd8+ Kh7 36. Re8 h3 37. g3 Ne6 38. Re7 Bxc6 39. bxc6 Qxe7 40. Kg1 1-0


[Site "https://www.chess.com"]

[Event "Titled Tuesday Blitz October 11 Early 2022"]
[White "Lakshmi C"]
[Black "Schut, Han"]
[WhiteFideId "25035347"]
[BlackFideId "1005561"]
[WhiteElo "1865"]
[BlackElo "2024"]
[Result "1-0"]
[Round "06"]
[TimeControl "180+1"]
[Date "2022.10.12"]
[WhiteClock "0:01:02"]
[BlackClock "0:00:14"]

1. e4 c5 2. Nf3 d6 3. d4 cxd4 4. Nxd4 Nf6 5. Nc3 g6 6. Be2 Bg7 7. O-O O-O 8. Bg5 Nc6 9. Nb3 Be6 10. f4 h6 11. Bh4 Na5 12. f5 Bc4 13. Nxa5 Bxe2 14. Qxe2 Qxa5 15. fxg6 fxg6 16. Qc4+ Kh7 17. Kh1 Qe5 18. Bg3 Qg5 19. Bf4 Qh5 20. Qe6 Ng4 21. h3 Ne5 22. Qxe7 Rae8 23. Qxd6 Nc4 24. Qb4 Ne5 25. Nd5 Nc6 26. Qxb7 Nd4 27. Bd6 Rxf1+ 28. Rxf1 Ne2 29. Nf6+ Kh8 30. Nxh5 1-0


[Site "https://www.chess.com"]

[Event "Titled Tuesday Blitz October 11 Early 2022"]
[White "Lauridsen, Jesper Morch"]
[Black "Alexikov, Alexander"]
[WhiteFideId "1401890"]
[BlackFideId "14103958"]
[WhiteElo "2176"]
[BlackElo "2222"]
[Result "1-0"]
[Round "06"]
[TimeControl "180+1"]
[Date "2022.10.12"]
[WhiteClock "0:00:12"]
[BlackClock "0:00:11"]

1. e4 c5 2. c3 Nf6 3. e5 Nd5 4. Nf3 d6 5. Bc4 Nb6 6. Bb3 c4 7. Bxc4 Nxc4 8. Qa4+ Bd7 9. Qxc4 Bc6 10. e6 fxe6 11. Ng5 Bd5 12. Qf4 e5 13. Qg3 Nd7 14. Nxh7 Nf6 15. Qg6+ Bf7 16. Nxf6+ gxf6 17. Qe4 d5 18. Qa4+ Qd7 19. Qxd7+ Kxd7 20. d4 Rc8 21. O-O e4 22. Bf4 Bg7 23. Nd2 Rh4 24. Bg3 Rg4 25. f3 exf3 26. Nxf3 Bh6 27. Ne5+ fxe5 28. Rxf7 exd4 29. Re1 Be3+ 30. Bf2 Bxf2+ 31. Kxf2 Re8 32. h3 Rh4 33. Kg3 Rh6 34. cxd4 Rb6 35. b3 Rb4 36. Rf4 e6 37. Rc1 Re7 38. h4 a5 39. h5 a4 40. bxa4 Rxa4 41. h6 Rh7 42. Rh4 Rxa2 43. Rb1 Kc6 44. Re1 Kd6 45. Rh5 Rd2 46. Rh4 b5 47. Kh2 b4 48. Rb1 1-0


[Site "https://www.chess.com"]

[Event "Titled Tuesday Blitz October 11 Early 2022"]
[White "Le, Tuan Minh"]
[Black "Ohanyan, Emin"]
[WhiteFideId "12401153"]
[BlackFideId "13312022"]
[WhiteElo "2530"]
[BlackElo "2302"]
[Result "1-0"]
[Round "06"]
[TimeControl "180+1"]
[Date "2022.10.11"]
[WhiteClock "0:01:21"]
[BlackClock "0:01:19"]

1. d4 d6 2. e4 Nd7 3. Nf3 Ngf6 4. e5 Nd5 5. c4 N5b6 6. e6 fxe6 7. Bd3 c5 8. Ng5 Nf6 9. dxc5 dxc5 10. Nc3 e5 11. Nxh7 Kf7 12. Ng5+ Kg8 13. Bh7+ Nxh7 14. Qxd8 1-0


[Site "https://www.chess.com"]

[Event "Titled Tuesday Blitz October 11 Early 2022"]
[White "Leiva, Gianmarco"]
[Black "Ibarra Jerez, Jose Carlos"]
[WhiteFideId "3804399"]
[BlackFideId "2226332"]
[WhiteElo "2285"]
[BlackElo "2627"]
[Result "0-1"]
[Round "06"]
[TimeControl "180+1"]
[Date "2022.10.11"]
[WhiteClock "0:00:03"]
[BlackClock "0:01:16"]

1. e4 c5 2. Nf3 Nc6 3. Bb5 e6 4. O-O Nge7 5. d4 cxd4 6. Nxd4 Ng6 7. Nc3 Be7 8. Be3 O-O 9. Be2 Qc7 10. Nxc6 bxc6 11. f4 Rb8 12. b3 d5 13. e5 f6 14. Bd3 fxe5 15. Bxg6 hxg6 16. fxe5 Rxf1+ 17. Qxf1 Qxe5 18. Qd3 Bf6 19. Bd2 Ba6 20. Qf3 Qd4+ 21. Qf2 Rf8 22. Qxd4 Bxd4+ 0-1


[Site "https://www.chess.com"]

[Event "Titled Tuesday Blitz October 11 Early 2022"]
[White "Lewtak, Damian"]
[Black "Vokhidov, Shamsiddin"]
[WhiteFideId "1141724"]
[BlackFideId "14204223"]
[WhiteElo "2329"]
[BlackElo "2619"]
[Result "1/2-1/2"]
[Round "06"]
[TimeControl "180+1"]
[Date "2022.10.11"]
[WhiteClock "0:00:06"]
[BlackClock "0:00:03"]

1. e4 c5 2. Nf3 Nc6 3. Bb5 g6 4. O-O Bg7 5. Qe2 Nf6 6. Bxc6 dxc6 7. d3 Nd7 8. Nbd2 b6 9. e5 Nf8 10. a3 Bg4 11. h3 Bxf3 12. Nxf3 Ne6 13. Re1 O-O 14. b4 Qd7 15. Be3 cxb4 16. axb4 a5 17. bxa5 bxa5 18. Ra4 Qc7 19. d4 Rfd8 20. Rea1 c5 21. Qc4 cxd4 22. Qxc7 Nxc7 23. Bxd4 Ne6 24. c3 Rd5 25. Kf1 h5 26. Ke2 g5 27. g4 hxg4 28. hxg4 Kh7 29. Kd3 Kg6 30. Kc4 Nf4 31. Kb3 Nd3 32. Kc4 Nf4 33. Kb3 Rb5+ 34. Kc2 Ne6 35. Kd3 Rd8 36. Rxa5 Rb2 37. R1a2 Nf4+ 38. Ke3 Rb1 39. Nh4+ gxh4 40. Kxf4 Rh8 41. f3 Re1 42. g5 h3 43. Rh2 e6 44. Kg4 Rf1 45. f4 Bf8 46. Rxh3 Rxh3 47. Kxh3 Rxf4 48. Ra8 Be7 49. Rg8+ Kh7 50. Rc8 Bxg5 51. Kg3 Re4 52. Kf3 Rf4+ 53. Kg3 Kg7 54. Be3 Rf5 55. Bxg5 Rxg5+ 56. Kf4 Rg1 57. c4 Rf1+ 58. Ke4 Re1+ 59. Kd4 Kg6 60. c5 Kf5 61. c6 Rd1+ 62. Kc5 Kxe5 63. c7 Rc1+ 64. Kb6 f5 65. Rf8 f4 66. c8=Q Rxc8 67. Rxc8 f3 68. Kc5 Ke4 69. Kc4 f2 70. Rf8 Ke3 71. Kc3 e5 72. Kc2 Ke2 73. Re8 f1=Q 74. Rxe5+ Kf2 75. Rf5+ Kg1 76. Rxf1+ Kxf1 1/2-1/2


[Site "https://www.chess.com"]

[Event "Titled Tuesday Blitz October 11 Early 2022"]
[White "Liu, Xiangyi"]
[Black "Manukian, Artak"]
[WhiteFideId "8605718"]
[BlackFideId "13301373"]
[WhiteElo "2323"]
[BlackElo "2505"]
[Result "1/2-1/2"]
[Round "06"]
[TimeControl "180+1"]
[Date "2022.10.12"]
[WhiteClock "0:00:19"]
[BlackClock "0:00:17"]

1. e4 c6 2. d4 d5 3. Nc3 dxe4 4. Nxe4 Nf6 5. Ng3 Bg4 6. Be2 Bxe2 7. N1xe2 e6 8. O-O Bd6 9. c4 O-O 10. Nc3 Nbd7 11. Nge4 Nxe4 12. Nxe4 Be7 13. Bf4 Nf6 14. Nc3 Qb6 15. Qd2 Rfd8 16. Rad1 Bb4 17. Rfe1 c5 18. dxc5 Bxc5 19. Qe2 Rxd1 20. Rxd1 h6 21. Na4 Qc6 22. Nxc5 Qxc5 23. b3 Qe7 24. Bd6 Qe8 25. h3 Rd8 26. Rd3 Qc6 27. Be7 Rxd3 28. Qxd3 Qd7 29. Qxd7 Nxd7 30. Kf1 f6 31. Ke2 Kf7 32. Bb4 g5 33. Bc3 e5 34. g4 Ke6 35. b4 f5 36. f3 Nf6 37. Kd3 h5 38. Bd2 hxg4 39. hxg4 e4+ 40. Ke2 exf3+ 41. Kxf3 fxg4+ 42. Kg2 Ne4 43. Be3 a6 44. b5 axb5 45. cxb5 Kd5 46. a4 Kc4 47. a5 Kxb5 48. Bb6 Kc6 49. Bd8 Kd5 50. Bb6 Ke6 51. Be3 Kf5 52. Bb6 Nf6 53. Kg3 Nd5 54. Bc5 Nc3 55. Kg2 Ne2 56. Be3 Nf4+ 57. Kg3 Ne6 58. Bb6 Ng7 59. Kg2 Ne8 60. Kg3 Nf6 61. Bd4 Ne4+ 62. Kg2 Ke6 63. Bb6 Kd5 64. Bd8 Kc4 65. Bb6 Kb5 66. Bd8 Nd6 67. Kg3 Nc4 68. Kxg4 Nxa5 69. Kxg5 Nc4 70. Bf6 Ka4 71. Kf4 b5 72. Ke4 b4 73. Kd3 Kb5 74. Kc2 Ka4 75. Bg7 b3+ 76. Kb1 Nd2+ 77. Kb2 Ne4 78. Kb1 Kb4 79. Bf8+ Kc4 80. Bg7 Nc5 81. Kb2 Na4+ 82. Kb1 Nc3+ 83. Bxc3 Kxc3 84. Kc1 Kb4 85. Kb2 Ka4 86. Kb1 Ka3 87. Ka1 b2+ 88. Kb1 Kb3 1/2-1/2


[Site "https://www.chess.com"]

[Event "Titled Tuesday Blitz October 11 Early 2022"]
[White "Lopez, Henry"]
[Black "Zemlyanskii, Ivan"]
[WhiteFideId "5203830"]
[BlackFideId "24249971"]
[WhiteElo "2177"]
[BlackElo "2107"]
[Result "0-1"]
[Round "06"]
[TimeControl "180+1"]
[Date "2022.10.11"]
[WhiteClock "0:00:49"]
[BlackClock "0:00:28"]

1. d4 Nf6 2. Nf3 e6 3. c4 d5 4. Nc3 c6 5. Bg5 dxc4 6. e4 b5 7. e5 h6 8. Bh4 g5 9. Nxg5 hxg5 10. Bxg5 Be7 11. exf6 Bxf6 12. Bxf6 Qxf6 13. g3 Na6 14. Bg2 Bb7 15. Nxb5 cxb5 16. Bxb7 Nb4 17. O-O Rd8 18. a4 Rxd4 19. Qe2 Nd3 20. Bc6+ Kf8 21. axb5 Qh6 22. f3 Nc1 23. Raxc1 Rd2 24. Rc2 Rxe2 25. Rxe2 Qf6 26. Rd1 Rh5 27. f4 Rc5 28. Rc2 a6 29. b4 Rxb5 0-1


[Site "https://www.chess.com"]

[Event "Titled Tuesday Blitz October 11 Early 2022"]
[White "Lucas, Arthur"]
[Black "Ulziikhishigjargal, Ochirkhuyag"]
[WhiteFideId "26093073"]
[BlackFideId "4903188"]
[WhiteElo "2251"]
[BlackElo "1920"]
[Result "0-1"]
[Round "06"]
[TimeControl "180+1"]
[Date "2022.10.12"]
[WhiteClock "0:00:02"]
[BlackClock "0:00:06"]

1. e4 c5 2. Nc3 Nc6 3. Bb5 g6 4. Bxc6 bxc6 5. f4 Bg7 6. Nf3 d5 7. O-O e6 8. d3 Nf6 9. e5 Ng4 10. h3 Nh6 11. b3 Nf5 12. g4 Nd4 13. Na4 Bf8 14. Be3 h5 15. Kg2 Nxf3 16. Qxf3 d4 17. Bd2 Be7 18. Nb2 Qd5 19. Rae1 hxg4 20. hxg4 Rh4 21. Kg3 Bb7 22. Rh1 Qxf3+ 23. Kxf3 Kf8 24. Rxh4 Bxh4 25. Rh1 Be7 26. Rh8+ Kg7 27. Rxa8 Bxa8 28. Nc4 Bb7 29. Ba5 Ba6 30. Nd2 Kf8 31. Ne4 Ke8 32. Bc7 c4 33. bxc4 Bb7 34. c5 Ba6 35. Bb8 Bb5 36. Bxa7 Ba4 37. Bb8 Bxc2 38. Ke2 Bh4 39. g5 Ke7 40. Bd6+ Kd8 41. Kd2 Bb1 42. a4 Kc8 43. Be7 Kd7 44. Bf8 Kc7 45. a5 Kb7 46. Be7 Ka6 47. Bd8 Ba2 48. Nd6 Bg3 49. Nxf7 Bxf4+ 50. Ke2 Bd5 51. Bb6 Bg2 52. Nh8 Bxg5 53. Nxg6 Bh3 54. Kf3 Bf5 55. Nf4 Bxf4 56. Kxf4 Bxd3 57. Kg5 Bf5 58. Kf4 Kb5 59. Kf3 Bd3 60. Kf2 Kb4 61. Ke1 Kc3 62. Kd1 Bc2+ 63. Kc1 d3 0-1


[Site "https://www.chess.com"]

[Event "Titled Tuesday Blitz October 11 Early 2022"]
[White "Makhmudov, Shukhrat"]
[Black "Vargas, Mauricio"]
[WhiteFideId "14200775"]
[BlackFideId "4404572"]
[WhiteElo "2135"]
[BlackElo "2025"]
[Result "1-0"]
[Round "06"]
[TimeControl "180+1"]
[Date "2022.10.12"]
[WhiteClock "0:01:05"]
[BlackClock "0:00:01"]

1. e4 d6 2. d4 Nf6 3. Nc3 g6 4. Bg5 Bg7 5. Qd2 Ng8 6. f3 h6 7. Be3 Nd7 8. O-O-O Ndf6 9. Kb1 c6 10. h4 b5 11. g4 a5 12. Qf2 b4 13. Na4 Ba6 14. Bxa6 Rxa6 15. Ne2 e6 16. d5 cxd5 17. exd5 Nxd5 18. Bd4 Bf6 19. Ng3 Nge7 20. Ne4 Bxd4 21. Qxd4 O-O 22. g5 e5 23. Qd2 h5 24. c4 bxc3 25. Naxc3 Nf4 26. Nxd6 Qb6 27. Nc4 Qb7 28. Nxe5 Rb8 29. Nd7 1-0


[Site "https://www.chess.com"]

[Event "Titled Tuesday Blitz October 11 Early 2022"]
[White "Malek, Jan"]
[Black "Shimanov, Aleksandr"]
[WhiteFideId "21864080"]
[BlackFideId "4198603"]
[WhiteElo "2255"]
[BlackElo "2605"]
[Result "1-0"]
[Round "06"]
[TimeControl "180+1"]
[Date "2022.10.11"]
[WhiteClock "0:00:17"]
[BlackClock "0:00:03"]

1. c4 Nf6 2. Nf3 g6 3. d4 Bg7 4. Nc3 O-O 5. e4 d6 6. Be2 e5 7. O-O h6 8. h3 Nc6 9. Be3 exd4 10. Nxd4 Re8 11. Qc2 Qe7 12. Rad1 Nxe4 13. Nd5 Qd8 14. Nb5 Bf5 15. g4 Nxf2 16. gxf5 Nxd1 17. Qxd1 Rxe3 18. Nxe3 Qg5+ 19. Ng2 Re8 20. fxg6 fxg6 21. Nxc7 Bd4+ 22. Kh1 Qg3 23. Rf3 Qe5 24. Nxe8 Qxe8 25. Rd3 Qe5 26. Bf3 Bc5 27. Bxc6 bxc6 28. Qe1 Qf5 29. Rb3 h5 30. Kh2 Kg7 31. Qe7+ Kh6 32. Rg3 Bd4 33. h4 Be5 34. Qg5+ Qxg5 35. hxg5+ Kg7 36. Kh3 1-0


[Site "https://www.chess.com"]

[Event "Titled Tuesday Blitz October 11 Early 2022"]
[White "Malyi, Viacheslav"]
[Black "Podetti, Davide"]
[WhiteFideId "14123983"]
[BlackFideId "893617"]
[WhiteElo "2291"]
[BlackElo "2160"]
[Result "1/2-1/2"]
[Round "06"]
[TimeControl "180+1"]
[Date "2022.10.12"]
[WhiteClock "0:01:01"]
[BlackClock "0:00:47"]

1. e4 e5 2. Nf3 Nc6 3. Bb5 a6 4. Bxc6 dxc6 5. O-O f6 6. d4 exd4 7. Nxd4 Bd6 8. Qd3 Ne7 9. Nc3 c5 10. Nb3 Be6 11. Nd5 O-O 12. Be3 b6 13. Rad1 Nxd5 14. exd5 Bf7 15. c4 Qd7 16. Nd2 Rfe8 17. Qe2 Qf5 18. Qf3 Qxf3 19. Nxf3 Bh5 20. Rc1 Bxf3 21. gxf3 Kf7 22. Rfe1 g5 23. h3 h5 24. Bd2 Be5 25. b3 Re7 26. Kf1 Rae8 27. Rcd1 Kg6 28. Re2 Kf5 29. Rde1 Bd6 30. Rxe7 Rxe7 31. Rxe7 Bxe7 32. Ke2 Bd6 33. Bc3 Be5 34. Bd2 Bd6 35. a3 Be7 36. Be1 Ke5 37. Bc3+ Kf5 38. Ke3 Bd6 39. Ke2 Be5 40. Bd2 Bb2 41. a4 a5 42. Kd3 Be5 43. Ke2 Bf4 44. Bc3 Be5 45. Be1 Bd6 46. Ke3 Bf4+ 47. Kd3 Bd6 48. Ke2 Be5 49. Bd2 Bf4 50. Bc3 Be5 51. Bd2 1/2-1/2


[Site "https://www.chess.com"]

[Event "Titled Tuesday Blitz October 11 Early 2022"]
[White "Martic, Ivan"]
[Black "Goryachkina, Aleksandra"]
[WhiteFideId "929301"]
[BlackFideId "4147103"]
[WhiteElo "2355"]
[BlackElo "2484"]
[Result "0-1"]
[Round "06"]
[TimeControl "180+1"]
[Date "2022.10.12"]
[WhiteClock "0:00:02"]
[BlackClock "0:00:02"]

1. d4 Nf6 2. c4 e6 3. Nc3 d5 4. cxd5 Nxd5 5. e4 Nxc3 6. bxc3 c5 7. Nf3 cxd4 8. cxd4 Bb4+ 9. Bd2 Bxd2+ 10. Qxd2 O-O 11. Bc4 Nd7 12. O-O b6 13. Rfe1 Bb7 14. Rad1 Rc8 15. Bd3 h6 16. h4 Qc7 17. d5 Nc5 18. Bb1 Rfd8 19. d6 Qb8 20. Ne5 Ba8 21. h5 Qb7 22. Ng4 f6 23. Qf4 e5 24. Qg3 Kh8 25. Qh4 Qf7 26. Ne3 Rd7 27. Nf5 Rcd8 28. Re3 Ne6 29. Bc2 Nd4 30. Bb3 Qf8 31. Nxd4 exd4 32. Rxd4 Rxd6 33. Rxd6 Qxd6 34. f4 Qd4 35. Qf2 Re8 36. e5 fxe5 37. fxe5 Bd5 38. e6 Bxb3 39. axb3 Qd1+ 40. Re1 Qxh5 41. e7 Qg6 42. Qf8+ Kh7 43. Re2 Qb1+ 44. Kh2 Qg6 45. Qf4 Qh5+ 46. Kg3 Qxe2 47. Qf5+ Kg8 48. Qd5+ Kh8 49. Qf5 Qxe7 0-1


[Site "https://www.chess.com"]

[Event "Titled Tuesday Blitz October 11 Early 2022"]
[White "Martin Carmona, Gaston Manuel"]
[Black "Matveeva, Olga"]
[WhiteFideId "22284567"]
[BlackFideId "24107018"]
[WhiteElo "2235"]
[BlackElo "2055"]
[Result "1-0"]
[Round "06"]
[TimeControl "180+1"]
[Date "2022.10.12"]
[WhiteClock "0:00:48"]
[BlackClock "0:00:12"]

1. d4 Nf6 2. Nf3 e6 3. c4 Bb4+ 4. Nbd2 c5 5. a3 Bxd2+ 6. Qxd2 cxd4 7. Qxd4 Nc6 8. Qc3 O-O 9. e3 d5 10. Be2 dxc4 11. Bxc4 b6 12. O-O Bb7 13. b4 Rc8 14. Qb3 Ne7 15. Be2 Qd5 16. Qb1 Rfd8 17. Bb2 Ne4 18. Rd1 Qb3 19. Nd4 Qd5 20. Bf3 Ng6 21. Bxe4 Qxe4 22. Qxe4 Bxe4 23. Rac1 e5 24. Nb5 Rxc1 25. Rxc1 a6 26. Nc7 a5 27. f3 Bb7 28. bxa5 bxa5 29. Rc5 Rd1+ 30. Kf2 Rd2+ 31. Kg3 Rxb2 32. Rxa5 h5 33. h4 Ne7 34. Rxe5 Ng6 35. Rxh5 f6 36. Rb5 Rxb5 37. Nxb5 Kf7 38. Nd6+ Ke6 39. Nxb7 Kd5 40. Nd8 Kd6 41. a4 Kd7 42. Nf7 Ke7 43. a5 Kxf7 44. a6 Ne7 45. a7 Nf5+ 46. Kf2 1-0


[Site "https://www.chess.com"]

[Event "Titled Tuesday Blitz October 11 Early 2022"]
[White "Martynenko, Ivan"]
[Black "Mesa Cruz, Juan Carlos"]
[WhiteFideId "2053179"]
[BlackFideId "6423400"]
[WhiteElo "2214"]
[BlackElo "2059"]
[Result "1-0"]
[Round "06"]
[TimeControl "180+1"]
[Date "2022.10.12"]
[WhiteClock "0:00:21"]
[BlackClock "0:00:01"]

1. e4 c5 2. Nf3 d6 3. d4 cxd4 4. Nxd4 Nf6 5. Nc3 a6 6. Bg5 e6 7. f4 Be7 8. Qf3 Qc7 9. O-O-O Nbd7 10. g4 b5 11. a3 Bb7 12. h4 Rc8 13. Rh2 O-O 14. Bxf6 Bxf6 15. g5 Bxd4 16. Rxd4 e5 17. Rd1 exf4 18. Qxf4 Ne5 19. Rhd2 Rfd8 20. h5 Qe7 21. Bxb5 axb5 22. Nxb5 Nc4 23. Rd4 Rc5 24. Nxd6 Nxd6 25. Rxd6 Rdc8 26. Rd7 Rxc2+ 27. Kb1 Rc1+ 28. Qxc1 Rxc1+ 29. Kxc1 Qc5+ 30. Kb1 Bxe4+ 31. Ka1 h6 32. Rd8+ Kh7 33. Re8 1-0


[Site "https://www.chess.com"]

[Event "Titled Tuesday Blitz October 11 Early 2022"]
[White "Matinian, Nikita"]
[Black "Slaby, Jerzy"]
[WhiteFideId "24129100"]
[BlackFideId "1121405"]
[WhiteElo "2422"]
[BlackElo "2546"]
[Result "1-0"]
[Round "06"]
[TimeControl "180+1"]
[Date "2022.10.12"]
[WhiteClock "0:01:12"]
[BlackClock "0:00:28"]

1. e4 c5 2. Nf3 d6 3. d4 cxd4 4. Nxd4 Nf6 5. Nc3 g6 6. Be3 Bg7 7. Be2 O-O 8. Qd2 Nc6 9. O-O-O Nxd4 10. Bxd4 Be6 11. h4 Qa5 12. a3 Rfc8 13. Kb1 b5 14. Bxf6 exf6 15. Nd5 Qd8 16. h5 Rc5 17. h6 Bh8 18. Nf4 Rac8 19. Nxe6 fxe6 20. Qxd6 Qxd6 21. Rxd6 Rxc2 22. Bxb5 f5 23. Rd8+ Rxd8 24. Kxc2 fxe4 25. Rh4 Rb8 26. a4 a6 27. Bxa6 Rxb2+ 28. Kd1 Rxf2 29. Rxe4 Kf7 30. Bc4 Rxg2 31. a5 Rg1+ 32. Kc2 Ra1 33. a6 g5 34. Rxe6 Kf8 35. Rb6 Bd4 36. Rb8+ Ke7 37. Rb7+ Kf6 38. Rxh7 Kg6 39. Rd7 Be5 40. h7 g4 41. Bd3+ Kg5 42. Rd5 1-0


[Site "https://www.chess.com"]

[Event "Titled Tuesday Blitz October 11 Early 2022"]
[White "Mikhailovsky, Vladimir"]
[Black "Principe, Gerson"]
[WhiteFideId "34105414"]
[BlackFideId "3804550"]
[WhiteElo "2297"]
[BlackElo "2280"]
[Result "1-0"]
[Round "06"]
[TimeControl "180+1"]
[Date "2022.10.12"]
[WhiteClock "0:00:03"]
[BlackClock "0:00:02"]

1. e4 c6 2. d4 d5 3. e5 Bf5 4. Nd2 e6 5. Nb3 Nd7 6. Nf3 Bg6 7. Be2 Ne7 8. O-O Nf5 9. a4 Be7 10. g4 Nh4 11. Nxh4 Bxh4 12. f4 f6 13. f5 Bf7 14. exf6 Bxf6 15. fxe6 Bxe6 16. Bd3 O-O 17. Bf4 Bg5 18. Qd2 Bxf4 19. Rxf4 Rxf4 20. Qxf4 Qf6 21. Qxf6 Nxf6 22. h3 Re8 23. Re1 Bc8 24. Rxe8+ Nxe8 25. Kf2 Kf7 26. Ke3 h6 27. Na5 Nd6 28. b3 g5 29. c4 dxc4 30. bxc4 Ke7 31. c5 Ne8 32. Bf5 Kd8 33. Ke4 Nc7 34. Ke5 Nd5 35. Nc4 Nc3 36. a5 Ne2 37. Nd6 Bxf5 38. gxf5 Nf4 39. Nxb7+ Kc7 40. Nd6 Nxh3 41. f6 Kd7 42. Kf5 Nf4 43. Ne4 Nd5 44. Kg6 g4 45. f7 Ke7 46. Kg7 1-0


[Site "https://www.chess.com"]